 Dungeon Crawl Stone Soup version 0.30-a0-168-g0b976cbdc4 (webtiles) character file.

Game seed: 3251606872710955823

579 qw the Chopper (level 7, 43/43 HPs)
             Began as a Gargoyle Fighter on Sept 29, 2022.
             Quit the game on level 3 of the Dungeon.
             The game lasted 00:07:46 (3467 turns).

qw the Chopper (Gargoyle Fighter)                   Turns: 3467, Time: 00:07:47

Health: 43/43      AC: 19    Str: 21    XL:     7   Next: 36%
Magic:  7/7        EV:  6    Int:  9    God:
Gold:   122        SH:  4    Dex:  9    Spells: 6/6 levels left

rFire   . . .      SeeInvis .    Y - +0 war axe
rCold   . . .      Faith    .    c - +0 buckler
rNeg    + . .      Spirit   .    j - +1 plate armour
rPois   inf        Reflect  .    b - +0 helmet
rElec   +          Harm     .    (no cloak)
rCorr   .          Rampage  .    (no gloves)
Will    .....                    (no boots)
Stlth   ..........               (no amulet)
HPRegen 0.14/turn                (no ring)
MPRegen 0.10/turn                (no ring)

@: no status effects
A: sickness immunity, AC +4, negative energy resistance 1, electricity
resistance, torment resistance 1, petrification resistance, MP-powered wands
a: no special abilities


You were on level 3 of the Dungeon.
You visited 1 branch of the dungeon, and saw 3 of its levels.

You collected 122 gold pieces.


Innate Abilities, Weirdness & Mutations

You are immune to sickness and miasma.
Your stone body is resilient. (AC +4)
You are immune to poison.
You resist negative energy. (rN+)
You are resistant to electric shocks. (rElec)
You are resistant to unholy torment.
You are immune to petrification.
You expend magic power (3 MP) to strengthen your wands.


   Skills:
 - Level 4.0 Fighting
 + Level 6.1 Axes
 - Level 1.0 Throwing
 - Level 4.9 Armour
 - Level 3.2 Shields


You had 6 spell levels left.
You didn't know any spells.
Your spell library was empty.

Inventory:

Hand Weapons
 m - a +0 mace
 Y - a +0 war axe (weapon)
Missiles
 f - 2 javelins (quivered)
Armour
 b - a +0 helmet (worn)
 c - a +0 buckler (worn)
 j - a +1 plate armour (worn)
Scrolls
 a - a scroll of identify
Potions
 d - a potion of might
 h - a potion of resistance
 l - 2 potions of mutation

Dungeon Overview and Level Annotations

Branches:
Dungeon (3/15)

Altars:
Okawaru


Message History

Sorry, I don't know how to get there.
Sorry, I don't know how to get there.
3454 ||| Stepping randomly (stuck).
Sorry, I don't know how to get there.
Sorry, I don't know how to get there.
3455 ||| Stepping randomly (stuck).
Sorry, I don't know how to get there.
Sorry, I don't know how to get there.
3456 ||| Stepping randomly (stuck).
Sorry, I don't know how to get there.
Sorry, I don't know how to get there.
3457 ||| Stepping randomly (stuck).
Sorry, I don't know how to get there.
Sorry, I don't know how to get there.
3458 ||| Stepping randomly (stuck).
Sorry, I don't know how to get there.
Sorry, I don't know how to get there.
3459 ||| Stepping randomly (stuck).
Sorry, I don't know how to get there.
Sorry, I don't know how to get there.
3460 ||| Stepping randomly (stuck).
Sorry, I don't know how to get there.
Sorry, I don't know how to get there.
3461 ||| Stepping randomly (stuck).
Sorry, I don't know how to get there.
Sorry, I don't know how to get there.
3462 ||| Stepping randomly (stuck).
Sorry, I don't know how to get there.
Sorry, I don't know how to get there.
3463 ||| Stepping randomly (stuck).
Sorry, I don't know how to get there.
Sorry, I don't know how to get there.
3464 ||| Stepping randomly (stuck).
Sorry, I don't know how to get there.
Sorry, I don't know how to get there.
3465 ||| Stepping randomly (stuck).
Sorry, I don't know how to get there.
Sorry, I don't know how to get there.
3466 ||| Stepping randomly (stuck).
Are you sure you want to abandon this character and quit the game? (Confirm with "yes".)

###########. ####
##########...........####
.).###................###....## #
.....#.........#..............#..
.......................###.......
.........(.......).....##..#.#...
.##............#.................
...............#......###...#...
..##.#...(....#.@.....##..#.##.##
.###..####...........[##..#.##..#
#####.####..#.............#.....#
#.......#...####.###[...#####...#
#.......#.#....#..#.....# ##..#
#.........####.#...<....# #...
........................#### ##..
....###.#......###.........# #..
##..###...###..##..........####..


There were no monsters in sight!

Vanquished Creatures
  Grinder (D:3)
  Sigmund (D:3)
  An orc priest (D:3)
  Ijyb (D:3)
  2 orc wizards (D:3)
  Robin (D:2)
  3 adders
  2 worms (D:2)
  2 dart slugs
  7 orcs
  2 ball pythons
  2 endoplasms
  3 giant cockroaches
  12 goblins
  9 hobgoblins
  3 jackals (D:1)
  A quokka (D:2)
  4 bats
  2 frilled lizards (D:1)
  7 kobolds
  3 rats
69 creatures vanquished.

Notes
Turn   | Place    | Note
-------+----------+-------------------------------------------
     0 | D:1      | qw the Gargoyle Fighter began the quest for the Orb.
     0 | D:1      | Reached XP level 1. HP: 14/14 MP: 1/1
     0 | D:1      | 0 ||| qw: Version: 0.2-a-12-gaebbb33
     0 | D:1      | 0 ||| qw: Game counter: 1255
     0 | D:1      | 0 ||| qw: Always use a shield: true
     0 | D:1      | 0 ||| qw: God list: Okawaru
     0 | D:1      | 0 ||| qw: Allow faded altars: false
     0 | D:1      | 0 ||| qw: Do Orc after D:15 true
     0 | D:1      | 0 ||| qw: Do second Lair branch before Depths: true
     0 | D:1      | 0 ||| qw: Lair rune preference: random
     0 | D:1      | 0 ||| qw: Plans: Normal, Zot:1-4, God:TSO, Crypt, Tomb,
                  | Pan, Slime:5, Hells, Abyss, Orb
     0 | D:1      | 0 ||| PLANNING D:1-11
    21 | D:1      | 21 ||| Stepping ~*~*~tactically~*~*~ (stealth).
    23 | D:1      | 23 ||| Stepping ~*~*~tactically~*~*~ (stealth).
    29 | D:1      | Reached skill level 2 in Axes
    84 | D:1      | 84 ||| Stepping ~*~*~tactically~*~*~ (stealth).
    85 | D:1      | 85 ||| Stepping ~*~*~tactically~*~*~ (stealth).
    93 | D:1      | Reached XP level 2. HP: 17/19 MP: 2/2
   546 | D:1      | Found a faded altar of an unknown god.
   566 | D:1      | 566 ||| UPGRADING to +0 plate armour.
   576 | D:1      | 576 ||| DROPPING +0 scale mail.
   577 | D:1      | 577 ||| DROPPING +6 ring of intelligence.
   578 | D:1      | 578 ||| READING scroll labelled COICLEBLUE.
   579 | D:1      | 579 ||| READING 2 scrolls labelled RURE IHONEZU.
   580 | D:1      | 580 ||| READING scroll of enchant armour.
   580 | D:1      | 580 ||| ENCHANTING +0 plate armour.
   581 | D:1      | 581 ||| READING scroll labelled AQAKLU AXZIOTO.
   582 | D:1      | 582 ||| READING scroll labelled CAIBRUF DIENK.
   583 | D:1      | 583 ||| READING scroll labelled EZAOHE JAZIOXKUA.
   586 | D:1      | 586 ||| READING scroll labelled HUF ATIRUT.
   613 | D:2      | Noticed Robin
   614 | D:2      | 614 ||| STAIRDANCE
   617 | D:1      | Reached skill level 3 in Axes
   619 | D:2      | 619 ||| STAIRDANCE
   623 | D:1      | Reached XP level 3. HP: 23/23 MP: 3/3
   625 | D:2      | 625 ||| STAIRDANCE
   697 | D:2      | 697 ||| STAIRDANCE
   752 | D:2      | 752 ||| STAIRDANCE
   765 | D:2      | 765 ||| STAIRDANCE
   848 | D:2      | 848 ||| STAIRDANCE
   851 | D:1      | Reached skill level 1 in Throwing
   860 | D:2      | Killed Robin
   877 | D:2      | 877 ||| Stepping ~*~*~tactically~*~*~ (stealth).
   884 | D:2      | 884 ||| Stepping ~*~*~tactically~*~*~ (stealth).
  1080 | D:2      | Reached XP level 4. HP: 25/28 MP: 4/4
  1190 | D:2      | 1190 ||| Stepping ~*~*~tactically~*~*~ (stealth).
  1194 | D:2      | 1194 ||| Stepping ~*~*~tactically~*~*~ (hiding).
  1208 | D:2      | 1208 ||| Stepping ~*~*~tactically~*~*~ (stealth).
  1362 | D:2      | 1362 ||| Stepping ~*~*~tactically~*~*~ (stealth).
  1367 | D:2      | 1367 ||| Stepping ~*~*~tactically~*~*~ (stealth).
  1551 | D:2      | 1551 ||| UPGRADING to +0 helmet.
  1556 | D:2      | 1556 ||| READING scroll labelled KIOBUF TUFOFE.
  1557 | D:2      | 1557 ||| DRINKING 3 fuming amethyst potions.
  1557 | D:2      | Gained mutation: You are dopey. (Int -2) [potion of
                  | mutation]
  1557 | D:2      | Lost mutation: You are dopey. (Int -2) [potion of mutation]
  1557 | D:2      | Gained mutation: You expend magic power (3 MP) to
                  | strengthen your wands. [potion of mutation]
  1569 | D:3      | Noticed Grinder
  1577 | D:3      | Killed Grinder
  1578 | D:3      | Reached skill level 5 in Axes
  1578 | D:3      | Reached XP level 5. HP: 32/32 MP: 5/5
  1578 | D:3      | Reached XP level 6. HP: 37/37 MP: 6/6
  1780 | D:3      | 1780 ||| Stepping ~*~*~tactically~*~*~ (stealth).
  1782 | D:3      | 1782 ||| Stepping ~*~*~tactically~*~*~ (stealth).
  1821 | D:3      | 1821 ||| FLEEEEING.
  1822 | D:3      | 1822 ||| FLEEEEING.
  1823 | D:3      | 1823 ||| FLEEEEING.
  1824 | D:3      | 1824 ||| FLEEEEING.
  1825 | D:3      | 1825 ||| FLEEEEING.
  1828 | D:3      | 1828 ||| FLEEEEING.
  1829 | D:3      | 1829 ||| FLEEEEING.
  1830 | D:3      | 1830 ||| FLEEEEING.
  1831 | D:3      | 1831 ||| FLEEEEING.
  1832 | D:3      | 1832 ||| FLEEEEING.
  1833 | D:3      | 1833 ||| FLEEEEING.
  1834 | D:3      | 1834 ||| FLEEEEING.
  1835 | D:3      | 1835 ||| FLEEEEING.
  1836 | D:3      | 1836 ||| FLEEEEING.
  1837 | D:3      | 1837 ||| FLEEEEING.
  1838 | D:3      | 1838 ||| FLEEEEING.
  1839 | D:3      | 1839 ||| STAIRDANCE
  1973 | D:2      | 1973 ||| READING scroll labelled RAGGIA LITZOULL.
  1974 | D:2      | 1974 ||| READING 4 scrolls labelled XYOSKA ISSACEI.
  1975 | D:2      | 1975 ||| READING 2 scrolls of identify.
  1975 | D:2      | 1975 ||| IDENTIFYING fizzy purple potion
  1976 | D:2      | 1976 ||| DROPPING potion of ambrosia.
  1977 | D:2      | 1977 ||| DROPPING 3 scrolls of amnesia.
  1980 | D:3      | 1980 ||| STAIRDANCE
  1988 | D:3      | 1988 ||| STAIRDANCE
  1999 | D:3      | 1999 ||| STAIRDANCE
  2042 | D:3      | Reached skill level 6 in Axes
  2196 | D:3      | Found an iron altar of Okawaru.
  2197 | D:3      | 2197 ||| PLANNING OKAWARU WORSHIP
  2197 | D:3      | 2197 ||| READING 3 scrolls labelled RIRURI ICAPISO.
  2256 | D:3      | Noticed Sigmund
  2264 | D:3      | Killed Sigmund
  2265 | D:3      | Reached XP level 7. HP: 37/43 MP: 7/7
  2304 | D:3      | 2304 ||| READING 2 scrolls of identify.
  2304 | D:3      | 2304 ||| IDENTIFYING metallic red potion
  2305 | D:3      | 2305 ||| DROPPING 2 scrolls of silence.
  2306 | D:3      | 2306 ||| READING scroll of teleportation.
  2309 | D:3      | 2309 ||| Stepping randomly (stuck).
  2310 | D:3      | 2310 ||| Stepping randomly (stuck).
  2311 | D:3      | 2311 ||| Stepping randomly (stuck).
  2312 | D:3      | 2312 ||| Stepping randomly (stuck).
  2313 | D:3      | 2313 ||| Stepping randomly (stuck).
  2314 | D:3      | 2314 ||| Stepping randomly (stuck).
  2315 | D:3      | 2315 ||| Stepping randomly (stuck).
  2316 | D:3      | 2316 ||| Stepping randomly (stuck).
  2317 | D:3      | 2317 ||| Stepping randomly (stuck).
  2318 | D:3      | 2318 ||| Stepping randomly (stuck).
  2319 | D:3      | 2319 ||| Stepping randomly (stuck).
  2320 | D:3      | 2320 ||| Stepping randomly (stuck).
  2321 | D:3      | 2321 ||| Stepping randomly (stuck).
  2321 | D:3      | Noticed Ijyb
  2322 | D:3      | 2322 ||| Stepping randomly (stuck).
  2323 | D:3      | 2323 ||| Stepping randomly (stuck).
  2324 | D:3      | 2324 ||| FLEEEEING.
  2325 | D:3      | 2325 ||| FLEEEEING.
  2326 | D:3      | 2326 ||| FLEEEEING.
  2327 | D:3      | 2327 ||| FLEEEEING.
  2328 | D:3      | 2328 ||| FLEEEEING.
  2329 | D:3      | 2329 ||| FLEEEEING.
  2330 | D:3      | 2330 ||| FLEEEEING.
  2331 | D:3      | 2331 ||| FLEEEEING.
  2332 | D:3      | 2332 ||| STAIRDANCE
  2348 | D:3      | 2348 ||| STAIRDANCE
  2363 | D:3      | Killed Ijyb
  2364 | D:3      | 2364 ||| STAIRDANCE
  2429 | D:3      | 2429 ||| STAIRDANCE
  2433 | D:3      | 2433 ||| STAIRDANCE
  2437 | D:3      | 2437 ||| STAIRDANCE
  2441 | D:3      | 2441 ||| STAIRDANCE
  2445 | D:3      | 2445 ||| STAIRDANCE
  2449 | D:3      | 2449 ||| STAIRDANCE
  2453 | D:3      | 2453 ||| STAIRDANCE
  2457 | D:3      | 2457 ||| STAIRDANCE
  2461 | D:3      | 2461 ||| STAIRDANCE
  2465 | D:3      | 2465 ||| STAIRDANCE
  2469 | D:3      | 2469 ||| STAIRDANCE
  2473 | D:3      | 2473 ||| STAIRDANCE
  2477 | D:3      | 2477 ||| STAIRDANCE
  2481 | D:3      | 2481 ||| Stepping randomly (stuck).
  2482 | D:3      | 2482 ||| Stepping randomly (stuck).
  2483 | D:3      | 2483 ||| Stepping randomly (stuck).
  2484 | D:3      | 2484 ||| Stepping randomly (stuck).
  2485 | D:3      | 2485 ||| Stepping randomly (stuck).
  2486 | D:3      | 2486 ||| Stepping randomly (stuck).
  2487 | D:3      | 2487 ||| Stepping randomly (stuck).
  2488 | D:3      | 2488 ||| Stepping randomly (stuck).
  2489 | D:3      | 2489 ||| Stepping randomly (stuck).
  2490 | D:3      | 2490 ||| Stepping randomly (stuck).
  2491 | D:3      | 2491 ||| Stepping randomly (stuck).
  2492 | D:3      | 2492 ||| Stepping randomly (stuck).
  2493 | D:3      | 2493 ||| Stepping randomly (stuck).
  2494 | D:3      | 2494 ||| Stepping randomly (stuck).
  2495 | D:3      | 2495 ||| Stepping randomly (stuck).
  2496 | D:3      | 2496 ||| Stepping randomly (stuck).
  2497 | D:3      | 2497 ||| Stepping randomly (stuck).
  2498 | D:3      | 2498 ||| Stepping randomly (stuck).
  2499 | D:3      | 2499 ||| Stepping randomly (stuck).
  2500 | D:3      | 2500 ||| Stepping randomly (stuck).
  2501 | D:3      | 2501 ||| Stepping randomly (stuck).
  2502 | D:3      | 2502 ||| Stepping randomly (stuck).
  2503 | D:3      | 2503 ||| Stepping randomly (stuck).
  2504 | D:3      | 2504 ||| Stepping randomly (stuck).
  2505 | D:3      | 2505 ||| Stepping randomly (stuck).
  2506 | D:3      | 2506 ||| Stepping randomly (stuck).
  2507 | D:3      | 2507 ||| Stepping randomly (stuck).
  2508 | D:3      | 2508 ||| Stepping randomly (stuck).
  2509 | D:3      | 2509 ||| Stepping randomly (stuck).
  2510 | D:3      | 2510 ||| Stepping randomly (stuck).
  2511 | D:3      | 2511 ||| Stepping randomly (stuck).
  2512 | D:3      | 2512 ||| Stepping randomly (stuck).
  2513 | D:3      | 2513 ||| Stepping randomly (stuck).
  2514 | D:3      | 2514 ||| Stepping randomly (stuck).
  2515 | D:3      | 2515 ||| Stepping randomly (stuck).
  2516 | D:3      | 2516 ||| Stepping randomly (stuck).
  2517 | D:3      | 2517 ||| Stepping randomly (stuck).
  2518 | D:3      | 2518 ||| Stepping randomly (stuck).
  2519 | D:3      | 2519 ||| Stepping randomly (stuck).
  2520 | D:3      | 2520 ||| Stepping randomly (stuck).
  2521 | D:3      | 2521 ||| Stepping randomly (stuck).
  2522 | D:3      | 2522 ||| Stepping randomly (stuck).
  2523 | D:3      | 2523 ||| Stepping randomly (stuck).
  2524 | D:3      | 2524 ||| Stepping randomly (stuck).
  2525 | D:3      | 2525 ||| Stepping randomly (stuck).
  2526 | D:3      | 2526 ||| Stepping randomly (stuck).
  2527 | D:3      | 2527 ||| Stepping randomly (stuck).
  2528 | D:3      | 2528 ||| Stepping randomly (stuck).
  2529 | D:3      | 2529 ||| Stepping randomly (stuck).
  2530 | D:3      | 2530 ||| Stepping randomly (stuck).
  2531 | D:3      | 2531 ||| Stepping randomly (stuck).
  2532 | D:3      | 2532 ||| Stepping randomly (stuck).
  2533 | D:3      | 2533 ||| Stepping randomly (stuck).
  2534 | D:3      | 2534 ||| Stepping randomly (stuck).
  2535 | D:3      | 2535 ||| Stepping randomly (stuck).
  2536 | D:3      | 2536 ||| Stepping randomly (stuck).
  2537 | D:3      | 2537 ||| Stepping randomly (stuck).
  2538 | D:3      | 2538 ||| Stepping randomly (stuck).
  2539 | D:3      | 2539 ||| Stepping randomly (stuck).
  2540 | D:3      | 2540 ||| Stepping randomly (stuck).
  2541 | D:3      | 2541 ||| Stepping randomly (stuck).
  2542 | D:3      | 2542 ||| Stepping randomly (stuck).
  2543 | D:3      | 2543 ||| Stepping randomly (stuck).
  2544 | D:3      | 2544 ||| Stepping randomly (stuck).
  2545 | D:3      | 2545 ||| Stepping randomly (stuck).
  2546 | D:3      | 2546 ||| Stepping randomly (stuck).
  2547 | D:3      | 2547 ||| Stepping randomly (stuck).
  2548 | D:3      | 2548 ||| Stepping randomly (stuck).
  2549 | D:3      | 2549 ||| Stepping randomly (stuck).
  2550 | D:3      | 2550 ||| Stepping randomly (stuck).
  2551 | D:3      | 2551 ||| Stepping randomly (stuck).
  2552 | D:3      | 2552 ||| Stepping randomly (stuck).
  2553 | D:3      | 2553 ||| Stepping randomly (stuck).
  2554 | D:3      | 2554 ||| Stepping randomly (stuck).
  2555 | D:3      | 2555 ||| Stepping randomly (stuck).
  2556 | D:3      | 2556 ||| Stepping randomly (stuck).
  2557 | D:3      | 2557 ||| Stepping randomly (stuck).
  2558 | D:3      | 2558 ||| Stepping randomly (stuck).
  2559 | D:3      | 2559 ||| Stepping randomly (stuck).
  2560 | D:3      | 2560 ||| Stepping randomly (stuck).
  2561 | D:3      | 2561 ||| Stepping randomly (stuck).
  2562 | D:3      | 2562 ||| Stepping randomly (stuck).
  2563 | D:3      | 2563 ||| Stepping randomly (stuck).
  2564 | D:3      | 2564 ||| Stepping randomly (stuck).
  2565 | D:3      | 2565 ||| Stepping randomly (stuck).
  2566 | D:3      | 2566 ||| Stepping randomly (stuck).
  2567 | D:3      | 2567 ||| Stepping randomly (stuck).
  2568 | D:3      | 2568 ||| Stepping randomly (stuck).
  2569 | D:3      | 2569 ||| Stepping randomly (stuck).
  2570 | D:3      | 2570 ||| Stepping randomly (stuck).
  2571 | D:3      | 2571 ||| Stepping randomly (stuck).
  2572 | D:3      | 2572 ||| Stepping randomly (stuck).
  2573 | D:3      | 2573 ||| Stepping randomly (stuck).
  2574 | D:3      | 2574 ||| Stepping randomly (stuck).
  2575 | D:3      | 2575 ||| Stepping randomly (stuck).
  2576 | D:3      | 2576 ||| Stepping randomly (stuck).
  2577 | D:3      | 2577 ||| Stepping randomly (stuck).
  2578 | D:3      | 2578 ||| Stepping randomly (stuck).
  2579 | D:3      | 2579 ||| Stepping randomly (stuck).
  2580 | D:3      | 2580 ||| Stepping randomly (stuck).
  2581 | D:3      | 2581 ||| Stepping randomly (stuck).
  2582 | D:3      | 2582 ||| Stepping randomly (stuck).
  2583 | D:3      | 2583 ||| Stepping randomly (stuck).
  2584 | D:3      | 2584 ||| Stepping randomly (stuck).
  2585 | D:3      | 2585 ||| Stepping randomly (stuck).
  2586 | D:3      | 2586 ||| Stepping randomly (stuck).
  2587 | D:3      | 2587 ||| Stepping randomly (stuck).
  2588 | D:3      | 2588 ||| Stepping randomly (stuck).
  2589 | D:3      | 2589 ||| Stepping randomly (stuck).
  2590 | D:3      | 2590 ||| Stepping randomly (stuck).
  2591 | D:3      | 2591 ||| Stepping randomly (stuck).
  2592 | D:3      | 2592 ||| Stepping randomly (stuck).
  2593 | D:3      | 2593 ||| Stepping randomly (stuck).
  2594 | D:3      | 2594 ||| Stepping randomly (stuck).
  2595 | D:3      | 2595 ||| Stepping randomly (stuck).
  2596 | D:3      | 2596 ||| Stepping randomly (stuck).
  2597 | D:3      | 2597 ||| Stepping randomly (stuck).
  2598 | D:3      | 2598 ||| Stepping randomly (stuck).
  2599 | D:3      | 2599 ||| Stepping randomly (stuck).
  2600 | D:3      | 2600 ||| Stepping randomly (stuck).
  2601 | D:3      | 2601 ||| Stepping randomly (stuck).
  2602 | D:3      | 2602 ||| Stepping randomly (stuck).
  2603 | D:3      | 2603 ||| Stepping randomly (stuck).
  2604 | D:3      | 2604 ||| Stepping randomly (stuck).
  2605 | D:3      | 2605 ||| Stepping randomly (stuck).
  2606 | D:3      | 2606 ||| Stepping randomly (stuck).
  2607 | D:3      | 2607 ||| Stepping randomly (stuck).
  2608 | D:3      | 2608 ||| Stepping randomly (stuck).
  2609 | D:3      | 2609 ||| Stepping randomly (stuck).
  2610 | D:3      | 2610 ||| Stepping randomly (stuck).
  2611 | D:3      | 2611 ||| Stepping randomly (stuck).
  2612 | D:3      | 2612 ||| Stepping randomly (stuck).
  2613 | D:3      | 2613 ||| Stepping randomly (stuck).
  2614 | D:3      | 2614 ||| Stepping randomly (stuck).
  2615 | D:3      | 2615 ||| Stepping randomly (stuck).
  2616 | D:3      | 2616 ||| Stepping randomly (stuck).
  2617 | D:3      | 2617 ||| Stepping randomly (stuck).
  2618 | D:3      | 2618 ||| Stepping randomly (stuck).
  2619 | D:3      | 2619 ||| Stepping randomly (stuck).
  2620 | D:3      | 2620 ||| Stepping randomly (stuck).
  2621 | D:3      | 2621 ||| Stepping randomly (stuck).
  2622 | D:3      | 2622 ||| Stepping randomly (stuck).
  2623 | D:3      | 2623 ||| Stepping randomly (stuck).
  2624 | D:3      | 2624 ||| Stepping randomly (stuck).
  2625 | D:3      | 2625 ||| Stepping randomly (stuck).
  2626 | D:3      | 2626 ||| Stepping randomly (stuck).
  2627 | D:3      | 2627 ||| Stepping randomly (stuck).
  2628 | D:3      | 2628 ||| Stepping randomly (stuck).
  2629 | D:3      | 2629 ||| Stepping randomly (stuck).
  2630 | D:3      | 2630 ||| Stepping randomly (stuck).
  2631 | D:3      | 2631 ||| Stepping randomly (stuck).
  2632 | D:3      | 2632 ||| Stepping randomly (stuck).
  2633 | D:3      | 2633 ||| Stepping randomly (stuck).
  2634 | D:3      | 2634 ||| Stepping randomly (stuck).
  2635 | D:3      | 2635 ||| Stepping randomly (stuck).
  2636 | D:3      | 2636 ||| Stepping randomly (stuck).
  2637 | D:3      | 2637 ||| Stepping randomly (stuck).
  2638 | D:3      | 2638 ||| Stepping randomly (stuck).
  2639 | D:3      | 2639 ||| Stepping randomly (stuck).
  2640 | D:3      | 2640 ||| Stepping randomly (stuck).
  2641 | D:3      | 2641 ||| Stepping randomly (stuck).
  2642 | D:3      | 2642 ||| Stepping randomly (stuck).
  2643 | D:3      | 2643 ||| Stepping randomly (stuck).
  2644 | D:3      | 2644 ||| Stepping randomly (stuck).
  2645 | D:3      | 2645 ||| Stepping randomly (stuck).
  2646 | D:3      | 2646 ||| Stepping randomly (stuck).
  2647 | D:3      | 2647 ||| Stepping randomly (stuck).
  2648 | D:3      | 2648 ||| Stepping randomly (stuck).
  2649 | D:3      | 2649 ||| Stepping randomly (stuck).
  2650 | D:3      | 2650 ||| Stepping randomly (stuck).
  2651 | D:3      | 2651 ||| Stepping randomly (stuck).
  2652 | D:3      | 2652 ||| Stepping randomly (stuck).
  2653 | D:3      | 2653 ||| Stepping randomly (stuck).
  2654 | D:3      | 2654 ||| Stepping randomly (stuck).
  2655 | D:3      | 2655 ||| Stepping randomly (stuck).
  2656 | D:3      | 2656 ||| Stepping randomly (stuck).
  2657 | D:3      | 2657 ||| Stepping randomly (stuck).
  2658 | D:3      | 2658 ||| Stepping randomly (stuck).
  2659 | D:3      | 2659 ||| Stepping randomly (stuck).
  2660 | D:3      | 2660 ||| Stepping randomly (stuck).
  2661 | D:3      | 2661 ||| Stepping randomly (stuck).
  2662 | D:3      | 2662 ||| Stepping randomly (stuck).
  2663 | D:3      | 2663 ||| Stepping randomly (stuck).
  2664 | D:3      | 2664 ||| Stepping randomly (stuck).
  2665 | D:3      | 2665 ||| Stepping randomly (stuck).
  2666 | D:3      | 2666 ||| Stepping randomly (stuck).
  2667 | D:3      | 2667 ||| Stepping randomly (stuck).
  2668 | D:3      | 2668 ||| Stepping randomly (stuck).
  2669 | D:3      | 2669 ||| Stepping randomly (stuck).
  2670 | D:3      | 2670 ||| Stepping randomly (stuck).
  2671 | D:3      | 2671 ||| Stepping randomly (stuck).
  2672 | D:3      | 2672 ||| Stepping randomly (stuck).
  2673 | D:3      | 2673 ||| Stepping randomly (stuck).
  2674 | D:3      | 2674 ||| Stepping randomly (stuck).
  2675 | D:3      | 2675 ||| Stepping randomly (stuck).
  2676 | D:3      | 2676 ||| Stepping randomly (stuck).
  2677 | D:3      | 2677 ||| Stepping randomly (stuck).
  2678 | D:3      | 2678 ||| Stepping randomly (stuck).
  2679 | D:3      | 2679 ||| Stepping randomly (stuck).
  2680 | D:3      | 2680 ||| Stepping randomly (stuck).
  2681 | D:3      | 2681 ||| Stepping randomly (stuck).
  2682 | D:3      | 2682 ||| Stepping randomly (stuck).
  2683 | D:3      | 2683 ||| Stepping randomly (stuck).
  2684 | D:3      | 2684 ||| Stepping randomly (stuck).
  2685 | D:3      | 2685 ||| Stepping randomly (stuck).
  2686 | D:3      | 2686 ||| Stepping randomly (stuck).
  2687 | D:3      | 2687 ||| Stepping randomly (stuck).
  2688 | D:3      | 2688 ||| Stepping randomly (stuck).
  2689 | D:3      | 2689 ||| Stepping randomly (stuck).
  2690 | D:3      | 2690 ||| Stepping randomly (stuck).
  2691 | D:3      | 2691 ||| Stepping randomly (stuck).
  2692 | D:3      | 2692 ||| Stepping randomly (stuck).
  2693 | D:3      | 2693 ||| Stepping randomly (stuck).
  2694 | D:3      | 2694 ||| Stepping randomly (stuck).
  2695 | D:3      | 2695 ||| Stepping randomly (stuck).
  2696 | D:3      | 2696 ||| Stepping randomly (stuck).
  2697 | D:3      | 2697 ||| Stepping randomly (stuck).
  2698 | D:3      | 2698 ||| Stepping randomly (stuck).
  2699 | D:3      | 2699 ||| Stepping randomly (stuck).
  2700 | D:3      | 2700 ||| Stepping randomly (stuck).
  2701 | D:3      | 2701 ||| Stepping randomly (stuck).
  2702 | D:3      | 2702 ||| Stepping randomly (stuck).
  2703 | D:3      | 2703 ||| Stepping randomly (stuck).
  2704 | D:3      | 2704 ||| Stepping randomly (stuck).
  2705 | D:3      | 2705 ||| Stepping randomly (stuck).
  2706 | D:3      | 2706 ||| Stepping randomly (stuck).
  2707 | D:3      | 2707 ||| Stepping randomly (stuck).
  2708 | D:3      | 2708 ||| Stepping randomly (stuck).
  2709 | D:3      | 2709 ||| Stepping randomly (stuck).
  2710 | D:3      | 2710 ||| Stepping randomly (stuck).
  2711 | D:3      | 2711 ||| Stepping randomly (stuck).
  2712 | D:3      | 2712 ||| Stepping randomly (stuck).
  2713 | D:3      | 2713 ||| Stepping randomly (stuck).
  2714 | D:3      | 2714 ||| Stepping randomly (stuck).
  2715 | D:3      | 2715 ||| Stepping randomly (stuck).
  2716 | D:3      | 2716 ||| Stepping randomly (stuck).
  2717 | D:3      | 2717 ||| Stepping randomly (stuck).
  2718 | D:3      | 2718 ||| Stepping randomly (stuck).
  2719 | D:3      | 2719 ||| Stepping randomly (stuck).
  2720 | D:3      | 2720 ||| Stepping randomly (stuck).
  2721 | D:3      | 2721 ||| Stepping randomly (stuck).
  2722 | D:3      | 2722 ||| Stepping randomly (stuck).
  2723 | D:3      | 2723 ||| Stepping randomly (stuck).
  2724 | D:3      | 2724 ||| Stepping randomly (stuck).
  2725 | D:3      | 2725 ||| Stepping randomly (stuck).
  2726 | D:3      | 2726 ||| Stepping randomly (stuck).
  2727 | D:3      | 2727 ||| Stepping randomly (stuck).
  2728 | D:3      | 2728 ||| Stepping randomly (stuck).
  2729 | D:3      | 2729 ||| Stepping randomly (stuck).
  2730 | D:3      | 2730 ||| Stepping randomly (stuck).
  2731 | D:3      | 2731 ||| Stepping randomly (stuck).
  2732 | D:3      | 2732 ||| Stepping randomly (stuck).
  2733 | D:3      | 2733 ||| Stepping randomly (stuck).
  2734 | D:3      | 2734 ||| Stepping randomly (stuck).
  2735 | D:3      | 2735 ||| Stepping randomly (stuck).
  2736 | D:3      | 2736 ||| Stepping randomly (stuck).
  2737 | D:3      | 2737 ||| Stepping randomly (stuck).
  2738 | D:3      | 2738 ||| Stepping randomly (stuck).
  2739 | D:3      | 2739 ||| Stepping randomly (stuck).
  2740 | D:3      | 2740 ||| Stepping randomly (stuck).
  2741 | D:3      | 2741 ||| Stepping randomly (stuck).
  2742 | D:3      | 2742 ||| Stepping randomly (stuck).
  2743 | D:3      | 2743 ||| Stepping randomly (stuck).
  2744 | D:3      | 2744 ||| Stepping randomly (stuck).
  2745 | D:3      | 2745 ||| Stepping randomly (stuck).
  2746 | D:3      | 2746 ||| Stepping randomly (stuck).
  2747 | D:3      | 2747 ||| Stepping randomly (stuck).
  2748 | D:3      | 2748 ||| Stepping randomly (stuck).
  2749 | D:3      | 2749 ||| Stepping randomly (stuck).
  2750 | D:3      | 2750 ||| Stepping randomly (stuck).
  2751 | D:3      | 2751 ||| Stepping randomly (stuck).
  2752 | D:3      | 2752 ||| Stepping randomly (stuck).
  2753 | D:3      | 2753 ||| Stepping randomly (stuck).
  2754 | D:3      | 2754 ||| Stepping randomly (stuck).
  2755 | D:3      | 2755 ||| Stepping randomly (stuck).
  2756 | D:3      | 2756 ||| Stepping randomly (stuck).
  2757 | D:3      | 2757 ||| Stepping randomly (stuck).
  2758 | D:3      | 2758 ||| Stepping randomly (stuck).
  2759 | D:3      | 2759 ||| Stepping randomly (stuck).
  2760 | D:3      | 2760 ||| Stepping randomly (stuck).
  2761 | D:3      | 2761 ||| Stepping randomly (stuck).
  2762 | D:3      | 2762 ||| Stepping randomly (stuck).
  2763 | D:3      | 2763 ||| Stepping randomly (stuck).
  2764 | D:3      | 2764 ||| Stepping randomly (stuck).
  2765 | D:3      | 2765 ||| Stepping randomly (stuck).
  2766 | D:3      | 2766 ||| Stepping randomly (stuck).
  2767 | D:3      | 2767 ||| Stepping randomly (stuck).
  2768 | D:3      | 2768 ||| Stepping randomly (stuck).
  2769 | D:3      | 2769 ||| Stepping randomly (stuck).
  2770 | D:3      | 2770 ||| Stepping randomly (stuck).
  2771 | D:3      | 2771 ||| Stepping randomly (stuck).
  2772 | D:3      | 2772 ||| Stepping randomly (stuck).
  2773 | D:3      | 2773 ||| Stepping randomly (stuck).
  2774 | D:3      | 2774 ||| Stepping randomly (stuck).
  2775 | D:3      | 2775 ||| Stepping randomly (stuck).
  2776 | D:3      | 2776 ||| Stepping randomly (stuck).
  2777 | D:3      | 2777 ||| Stepping randomly (stuck).
  2778 | D:3      | 2778 ||| Stepping randomly (stuck).
  2779 | D:3      | 2779 ||| Stepping randomly (stuck).
  2780 | D:3      | 2780 ||| Stepping randomly (stuck).
  2781 | D:3      | 2781 ||| Stepping randomly (stuck).
  2782 | D:3      | 2782 ||| Stepping randomly (stuck).
  2783 | D:3      | 2783 ||| Stepping randomly (stuck).
  2784 | D:3      | 2784 ||| Stepping randomly (stuck).
  2785 | D:3      | 2785 ||| Stepping randomly (stuck).
  2786 | D:3      | 2786 ||| Stepping randomly (stuck).
  2787 | D:3      | 2787 ||| Stepping randomly (stuck).
  2788 | D:3      | 2788 ||| Stepping randomly (stuck).
  2789 | D:3      | 2789 ||| Stepping randomly (stuck).
  2790 | D:3      | 2790 ||| Stepping randomly (stuck).
  2791 | D:3      | 2791 ||| Stepping randomly (stuck).
  2792 | D:3      | 2792 ||| Stepping randomly (stuck).
  2793 | D:3      | 2793 ||| Stepping randomly (stuck).
  2794 | D:3      | 2794 ||| Stepping randomly (stuck).
  2795 | D:3      | 2795 ||| Stepping randomly (stuck).
  2796 | D:3      | 2796 ||| Stepping randomly (stuck).
  2797 | D:3      | 2797 ||| Stepping randomly (stuck).
  2798 | D:3      | 2798 ||| Stepping randomly (stuck).
  2799 | D:3      | 2799 ||| Stepping randomly (stuck).
  2800 | D:3      | 2800 ||| Stepping randomly (stuck).
  2801 | D:3      | 2801 ||| Stepping randomly (stuck).
  2802 | D:3      | 2802 ||| Stepping randomly (stuck).
  2803 | D:3      | 2803 ||| Stepping randomly (stuck).
  2804 | D:3      | 2804 ||| Stepping randomly (stuck).
  2805 | D:3      | 2805 ||| Stepping randomly (stuck).
  2806 | D:3      | 2806 ||| Stepping randomly (stuck).
  2807 | D:3      | 2807 ||| Stepping randomly (stuck).
  2808 | D:3      | 2808 ||| Stepping randomly (stuck).
  2809 | D:3      | 2809 ||| Stepping randomly (stuck).
  2810 | D:3      | 2810 ||| Stepping randomly (stuck).
  2811 | D:3      | 2811 ||| Stepping randomly (stuck).
  2812 | D:3      | 2812 ||| Stepping randomly (stuck).
  2813 | D:3      | 2813 ||| Stepping randomly (stuck).
  2814 | D:3      | 2814 ||| Stepping randomly (stuck).
  2815 | D:3      | 2815 ||| Stepping randomly (stuck).
  2816 | D:3      | 2816 ||| Stepping randomly (stuck).
  2817 | D:3      | 2817 ||| Stepping randomly (stuck).
  2818 | D:3      | 2818 ||| Stepping randomly (stuck).
  2819 | D:3      | 2819 ||| Stepping randomly (stuck).
  2820 | D:3      | 2820 ||| Stepping randomly (stuck).
  2821 | D:3      | 2821 ||| Stepping randomly (stuck).
  2822 | D:3      | 2822 ||| Stepping randomly (stuck).
  2823 | D:3      | 2823 ||| Stepping randomly (stuck).
  2824 | D:3      | 2824 ||| Stepping randomly (stuck).
  2825 | D:3      | 2825 ||| Stepping randomly (stuck).
  2826 | D:3      | 2826 ||| Stepping randomly (stuck).
  2827 | D:3      | 2827 ||| Stepping randomly (stuck).
  2828 | D:3      | 2828 ||| Stepping randomly (stuck).
  2829 | D:3      | 2829 ||| Stepping randomly (stuck).
  2830 | D:3      | 2830 ||| Stepping randomly (stuck).
  2831 | D:3      | 2831 ||| Stepping randomly (stuck).
  2832 | D:3      | 2832 ||| Stepping randomly (stuck).
  2833 | D:3      | 2833 ||| Stepping randomly (stuck).
  2834 | D:3      | 2834 ||| Stepping randomly (stuck).
  2835 | D:3      | 2835 ||| Stepping randomly (stuck).
  2836 | D:3      | 2836 ||| Stepping randomly (stuck).
  2837 | D:3      | 2837 ||| Stepping randomly (stuck).
  2838 | D:3      | 2838 ||| Stepping randomly (stuck).
  2839 | D:3      | 2839 ||| Stepping randomly (stuck).
  2840 | D:3      | 2840 ||| Stepping randomly (stuck).
  2841 | D:3      | 2841 ||| Stepping randomly (stuck).
  2842 | D:3      | 2842 ||| Stepping randomly (stuck).
  2843 | D:3      | 2843 ||| Stepping randomly (stuck).
  2844 | D:3      | 2844 ||| Stepping randomly (stuck).
  2845 | D:3      | 2845 ||| Stepping randomly (stuck).
  2846 | D:3      | 2846 ||| Stepping randomly (stuck).
  2847 | D:3      | 2847 ||| Stepping randomly (stuck).
  2848 | D:3      | 2848 ||| Stepping randomly (stuck).
  2849 | D:3      | 2849 ||| Stepping randomly (stuck).
  2850 | D:3      | 2850 ||| Stepping randomly (stuck).
  2851 | D:3      | 2851 ||| Stepping randomly (stuck).
  2852 | D:3      | 2852 ||| Stepping randomly (stuck).
  2853 | D:3      | 2853 ||| Stepping randomly (stuck).
  2854 | D:3      | 2854 ||| Stepping randomly (stuck).
  2855 | D:3      | 2855 ||| Stepping randomly (stuck).
  2856 | D:3      | 2856 ||| Stepping randomly (stuck).
  2857 | D:3      | 2857 ||| Stepping randomly (stuck).
  2858 | D:3      | 2858 ||| Stepping randomly (stuck).
  2859 | D:3      | 2859 ||| Stepping randomly (stuck).
  2860 | D:3      | 2860 ||| Stepping randomly (stuck).
  2861 | D:3      | 2861 ||| Stepping randomly (stuck).
  2862 | D:3      | 2862 ||| Stepping randomly (stuck).
  2863 | D:3      | 2863 ||| Stepping randomly (stuck).
  2864 | D:3      | 2864 ||| Stepping randomly (stuck).
  2865 | D:3      | 2865 ||| Stepping randomly (stuck).
  2866 | D:3      | 2866 ||| Stepping randomly (stuck).
  2867 | D:3      | 2867 ||| Stepping randomly (stuck).
  2868 | D:3      | 2868 ||| Stepping randomly (stuck).
  2869 | D:3      | 2869 ||| Stepping randomly (stuck).
  2870 | D:3      | 2870 ||| Stepping randomly (stuck).
  2871 | D:3      | 2871 ||| Stepping randomly (stuck).
  2872 | D:3      | 2872 ||| Stepping randomly (stuck).
  2873 | D:3      | 2873 ||| Stepping randomly (stuck).
  2874 | D:3      | 2874 ||| Stepping randomly (stuck).
  2875 | D:3      | 2875 ||| Stepping randomly (stuck).
  2876 | D:3      | 2876 ||| Stepping randomly (stuck).
  2877 | D:3      | 2877 ||| Stepping randomly (stuck).
  2878 | D:3      | 2878 ||| Stepping randomly (stuck).
  2879 | D:3      | 2879 ||| Stepping randomly (stuck).
  2880 | D:3      | 2880 ||| Stepping randomly (stuck).
  2881 | D:3      | 2881 ||| Stepping randomly (stuck).
  2882 | D:3      | 2882 ||| Stepping randomly (stuck).
  2883 | D:3      | 2883 ||| Stepping randomly (stuck).
  2884 | D:3      | 2884 ||| Stepping randomly (stuck).
  2885 | D:3      | 2885 ||| Stepping randomly (stuck).
  2886 | D:3      | 2886 ||| Stepping randomly (stuck).
  2887 | D:3      | 2887 ||| Stepping randomly (stuck).
  2888 | D:3      | 2888 ||| Stepping randomly (stuck).
  2889 | D:3      | 2889 ||| Stepping randomly (stuck).
  2890 | D:3      | 2890 ||| Stepping randomly (stuck).
  2891 | D:3      | 2891 ||| Stepping randomly (stuck).
  2892 | D:3      | 2892 ||| Stepping randomly (stuck).
  2893 | D:3      | 2893 ||| Stepping randomly (stuck).
  2894 | D:3      | 2894 ||| Stepping randomly (stuck).
  2895 | D:3      | 2895 ||| Stepping randomly (stuck).
  2896 | D:3      | 2896 ||| Stepping randomly (stuck).
  2897 | D:3      | 2897 ||| Stepping randomly (stuck).
  2898 | D:3      | 2898 ||| Stepping randomly (stuck).
  2899 | D:3      | 2899 ||| Stepping randomly (stuck).
  2900 | D:3      | 2900 ||| Stepping randomly (stuck).
  2901 | D:3      | 2901 ||| Stepping randomly (stuck).
  2902 | D:3      | 2902 ||| Stepping randomly (stuck).
  2903 | D:3      | 2903 ||| Stepping randomly (stuck).
  2904 | D:3      | 2904 ||| Stepping randomly (stuck).
  2905 | D:3      | 2905 ||| Stepping randomly (stuck).
  2906 | D:3      | 2906 ||| Stepping randomly (stuck).
  2907 | D:3      | 2907 ||| Stepping randomly (stuck).
  2908 | D:3      | 2908 ||| Stepping randomly (stuck).
  2909 | D:3      | 2909 ||| Stepping randomly (stuck).
  2910 | D:3      | 2910 ||| Stepping randomly (stuck).
  2911 | D:3      | 2911 ||| Stepping randomly (stuck).
  2912 | D:3      | 2912 ||| Stepping randomly (stuck).
  2913 | D:3      | 2913 ||| Stepping randomly (stuck).
  2914 | D:3      | 2914 ||| Stepping randomly (stuck).
  2915 | D:3      | 2915 ||| Stepping randomly (stuck).
  2916 | D:3      | 2916 ||| Stepping randomly (stuck).
  2917 | D:3      | 2917 ||| Stepping randomly (stuck).
  2918 | D:3      | 2918 ||| Stepping randomly (stuck).
  2919 | D:3      | 2919 ||| Stepping randomly (stuck).
  2920 | D:3      | 2920 ||| Stepping randomly (stuck).
  2921 | D:3      | 2921 ||| Stepping randomly (stuck).
  2922 | D:3      | 2922 ||| Stepping randomly (stuck).
  2923 | D:3      | 2923 ||| Stepping randomly (stuck).
  2924 | D:3      | 2924 ||| Stepping randomly (stuck).
  2925 | D:3      | 2925 ||| Stepping randomly (stuck).
  2926 | D:3      | 2926 ||| Stepping randomly (stuck).
  2927 | D:3      | 2927 ||| Stepping randomly (stuck).
  2928 | D:3      | 2928 ||| Stepping randomly (stuck).
  2929 | D:3      | 2929 ||| Stepping randomly (stuck).
  2930 | D:3      | 2930 ||| Stepping randomly (stuck).
  2931 | D:3      | 2931 ||| Stepping randomly (stuck).
  2932 | D:3      | 2932 ||| Stepping randomly (stuck).
  2933 | D:3      | 2933 ||| Stepping randomly (stuck).
  2934 | D:3      | 2934 ||| Stepping randomly (stuck).
  2935 | D:3      | 2935 ||| Stepping randomly (stuck).
  2936 | D:3      | 2936 ||| Stepping randomly (stuck).
  2937 | D:3      | 2937 ||| Stepping randomly (stuck).
  2938 | D:3      | 2938 ||| Stepping randomly (stuck).
  2939 | D:3      | 2939 ||| Stepping randomly (stuck).
  2940 | D:3      | 2940 ||| Stepping randomly (stuck).
  2941 | D:3      | 2941 ||| Stepping randomly (stuck).
  2942 | D:3      | 2942 ||| Stepping randomly (stuck).
  2943 | D:3      | 2943 ||| Stepping randomly (stuck).
  2944 | D:3      | 2944 ||| Stepping randomly (stuck).
  2945 | D:3      | 2945 ||| Stepping randomly (stuck).
  2946 | D:3      | 2946 ||| Stepping randomly (stuck).
  2947 | D:3      | 2947 ||| Stepping randomly (stuck).
  2948 | D:3      | 2948 ||| Stepping randomly (stuck).
  2949 | D:3      | 2949 ||| Stepping randomly (stuck).
  2950 | D:3      | 2950 ||| Stepping randomly (stuck).
  2951 | D:3      | 2951 ||| Stepping randomly (stuck).
  2952 | D:3      | 2952 ||| Stepping randomly (stuck).
  2953 | D:3      | 2953 ||| Stepping randomly (stuck).
  2954 | D:3      | 2954 ||| Stepping randomly (stuck).
  2955 | D:3      | 2955 ||| Stepping randomly (stuck).
  2956 | D:3      | 2956 ||| Stepping randomly (stuck).
  2957 | D:3      | 2957 ||| Stepping randomly (stuck).
  2958 | D:3      | 2958 ||| Stepping randomly (stuck).
  2959 | D:3      | 2959 ||| Stepping randomly (stuck).
  2960 | D:3      | 2960 ||| Stepping randomly (stuck).
  2961 | D:3      | 2961 ||| Stepping randomly (stuck).
  2962 | D:3      | 2962 ||| Stepping randomly (stuck).
  2963 | D:3      | 2963 ||| Stepping randomly (stuck).
  2964 | D:3      | 2964 ||| Stepping randomly (stuck).
  2965 | D:3      | 2965 ||| Stepping randomly (stuck).
  2966 | D:3      | 2966 ||| Stepping randomly (stuck).
  2967 | D:3      | 2967 ||| Stepping randomly (stuck).
  2968 | D:3      | 2968 ||| Stepping randomly (stuck).
  2969 | D:3      | 2969 ||| Stepping randomly (stuck).
  2970 | D:3      | 2970 ||| Stepping randomly (stuck).
  2971 | D:3      | 2971 ||| Stepping randomly (stuck).
  2972 | D:3      | 2972 ||| Stepping randomly (stuck).
  2973 | D:3      | 2973 ||| Stepping randomly (stuck).
  2974 | D:3      | 2974 ||| Stepping randomly (stuck).
  2975 | D:3      | 2975 ||| Stepping randomly (stuck).
  2976 | D:3      | 2976 ||| Stepping randomly (stuck).
  2977 | D:3      | 2977 ||| Stepping randomly (stuck).
  2978 | D:3      | 2978 ||| Stepping randomly (stuck).
  2979 | D:3      | 2979 ||| Stepping randomly (stuck).
  2980 | D:3      | 2980 ||| Stepping randomly (stuck).
  2981 | D:3      | 2981 ||| Stepping randomly (stuck).
  2982 | D:3      | 2982 ||| Stepping randomly (stuck).
  2983 | D:3      | 2983 ||| Stepping randomly (stuck).
  2984 | D:3      | 2984 ||| Stepping randomly (stuck).
  2985 | D:3      | 2985 ||| Stepping randomly (stuck).
  2986 | D:3      | 2986 ||| Stepping randomly (stuck).
  2987 | D:3      | 2987 ||| Stepping randomly (stuck).
  2988 | D:3      | 2988 ||| Stepping randomly (stuck).
  2989 | D:3      | 2989 ||| Stepping randomly (stuck).
  2990 | D:3      | 2990 ||| Stepping randomly (stuck).
  2991 | D:3      | 2991 ||| Stepping randomly (stuck).
  2992 | D:3      | 2992 ||| Stepping randomly (stuck).
  2993 | D:3      | 2993 ||| Stepping randomly (stuck).
  2994 | D:3      | 2994 ||| Stepping randomly (stuck).
  2995 | D:3      | 2995 ||| Stepping randomly (stuck).
  2996 | D:3      | 2996 ||| Stepping randomly (stuck).
  2997 | D:3      | 2997 ||| Stepping randomly (stuck).
  2998 | D:3      | 2998 ||| Stepping randomly (stuck).
  2999 | D:3      | 2999 ||| Stepping randomly (stuck).
  3000 | D:3      | 3000 ||| Stepping randomly (stuck).
  3001 | D:3      | 3001 ||| Stepping randomly (stuck).
  3002 | D:3      | 3002 ||| Stepping randomly (stuck).
  3003 | D:3      | 3003 ||| Stepping randomly (stuck).
  3004 | D:3      | 3004 ||| Stepping randomly (stuck).
  3005 | D:3      | 3005 ||| Stepping randomly (stuck).
  3006 | D:3      | 3006 ||| Stepping randomly (stuck).
  3007 | D:3      | 3007 ||| Stepping randomly (stuck).
  3008 | D:3      | 3008 ||| Stepping randomly (stuck).
  3009 | D:3      | 3009 ||| Stepping randomly (stuck).
  3010 | D:3      | 3010 ||| Stepping randomly (stuck).
  3011 | D:3      | 3011 ||| Stepping randomly (stuck).
  3012 | D:3      | 3012 ||| Stepping randomly (stuck).
  3013 | D:3      | 3013 ||| Stepping randomly (stuck).
  3014 | D:3      | 3014 ||| Stepping randomly (stuck).
  3015 | D:3      | 3015 ||| Stepping randomly (stuck).
  3016 | D:3      | 3016 ||| Stepping randomly (stuck).
  3017 | D:3      | 3017 ||| Stepping randomly (stuck).
  3018 | D:3      | 3018 ||| Stepping randomly (stuck).
  3019 | D:3      | 3019 ||| Stepping randomly (stuck).
  3020 | D:3      | 3020 ||| Stepping randomly (stuck).
  3021 | D:3      | 3021 ||| Stepping randomly (stuck).
  3022 | D:3      | 3022 ||| Stepping randomly (stuck).
  3023 | D:3      | 3023 ||| Stepping randomly (stuck).
  3024 | D:3      | 3024 ||| Stepping randomly (stuck).
  3025 | D:3      | 3025 ||| Stepping randomly (stuck).
  3026 | D:3      | 3026 ||| Stepping randomly (stuck).
  3027 | D:3      | 3027 ||| Stepping randomly (stuck).
  3028 | D:3      | 3028 ||| Stepping randomly (stuck).
  3029 | D:3      | 3029 ||| Stepping randomly (stuck).
  3030 | D:3      | 3030 ||| Stepping randomly (stuck).
  3031 | D:3      | 3031 ||| Stepping randomly (stuck).
  3032 | D:3      | 3032 ||| Stepping randomly (stuck).
  3033 | D:3      | 3033 ||| Stepping randomly (stuck).
  3034 | D:3      | 3034 ||| Stepping randomly (stuck).
  3035 | D:3      | 3035 ||| Stepping randomly (stuck).
  3036 | D:3      | 3036 ||| Stepping randomly (stuck).
  3037 | D:3      | 3037 ||| Stepping randomly (stuck).
  3038 | D:3      | 3038 ||| Stepping randomly (stuck).
  3039 | D:3      | 3039 ||| Stepping randomly (stuck).
  3040 | D:3      | 3040 ||| Stepping randomly (stuck).
  3041 | D:3      | 3041 ||| Stepping randomly (stuck).
  3042 | D:3      | 3042 ||| Stepping randomly (stuck).
  3043 | D:3      | 3043 ||| Stepping randomly (stuck).
  3044 | D:3      | 3044 ||| Stepping randomly (stuck).
  3045 | D:3      | 3045 ||| Stepping randomly (stuck).
  3046 | D:3      | 3046 ||| Stepping randomly (stuck).
  3047 | D:3      | 3047 ||| Stepping randomly (stuck).
  3048 | D:3      | 3048 ||| Stepping randomly (stuck).
  3049 | D:3      | 3049 ||| Stepping randomly (stuck).
  3050 | D:3      | 3050 ||| Stepping randomly (stuck).
  3051 | D:3      | 3051 ||| Stepping randomly (stuck).
  3052 | D:3      | 3052 ||| Stepping randomly (stuck).
  3053 | D:3      | 3053 ||| Stepping randomly (stuck).
  3054 | D:3      | 3054 ||| Stepping randomly (stuck).
  3055 | D:3      | 3055 ||| Stepping randomly (stuck).
  3056 | D:3      | 3056 ||| Stepping randomly (stuck).
  3057 | D:3      | 3057 ||| Stepping randomly (stuck).
  3058 | D:3      | 3058 ||| Stepping randomly (stuck).
  3059 | D:3      | 3059 ||| Stepping randomly (stuck).
  3060 | D:3      | 3060 ||| Stepping randomly (stuck).
  3061 | D:3      | 3061 ||| Stepping randomly (stuck).
  3062 | D:3      | 3062 ||| Stepping randomly (stuck).
  3063 | D:3      | 3063 ||| Stepping randomly (stuck).
  3064 | D:3      | 3064 ||| Stepping randomly (stuck).
  3065 | D:3      | 3065 ||| Stepping randomly (stuck).
  3066 | D:3      | 3066 ||| Stepping randomly (stuck).
  3067 | D:3      | 3067 ||| Stepping randomly (stuck).
  3068 | D:3      | 3068 ||| Stepping randomly (stuck).
  3069 | D:3      | 3069 ||| Stepping randomly (stuck).
  3070 | D:3      | 3070 ||| Stepping randomly (stuck).
  3071 | D:3      | 3071 ||| Stepping randomly (stuck).
  3072 | D:3      | 3072 ||| Stepping randomly (stuck).
  3073 | D:3      | 3073 ||| Stepping randomly (stuck).
  3074 | D:3      | 3074 ||| Stepping randomly (stuck).
  3075 | D:3      | 3075 ||| Stepping randomly (stuck).
  3076 | D:3      | 3076 ||| Stepping randomly (stuck).
  3077 | D:3      | 3077 ||| Stepping randomly (stuck).
  3078 | D:3      | 3078 ||| Stepping randomly (stuck).
  3079 | D:3      | 3079 ||| Stepping randomly (stuck).
  3080 | D:3      | 3080 ||| Stepping randomly (stuck).
  3081 | D:3      | 3081 ||| Stepping randomly (stuck).
  3082 | D:3      | 3082 ||| Stepping randomly (stuck).
  3083 | D:3      | 3083 ||| Stepping randomly (stuck).
  3084 | D:3      | 3084 ||| Stepping randomly (stuck).
  3085 | D:3      | 3085 ||| Stepping randomly (stuck).
  3086 | D:3      | 3086 ||| Stepping randomly (stuck).
  3087 | D:3      | 3087 ||| Stepping randomly (stuck).
  3088 | D:3      | 3088 ||| Stepping randomly (stuck).
  3089 | D:3      | 3089 ||| Stepping randomly (stuck).
  3090 | D:3      | 3090 ||| Stepping randomly (stuck).
  3091 | D:3      | 3091 ||| Stepping randomly (stuck).
  3092 | D:3      | 3092 ||| Stepping randomly (stuck).
  3093 | D:3      | 3093 ||| Stepping randomly (stuck).
  3094 | D:3      | 3094 ||| Stepping randomly (stuck).
  3095 | D:3      | 3095 ||| Stepping randomly (stuck).
  3096 | D:3      | 3096 ||| Stepping randomly (stuck).
  3097 | D:3      | 3097 ||| Stepping randomly (stuck).
  3098 | D:3      | 3098 ||| Stepping randomly (stuck).
  3099 | D:3      | 3099 ||| Stepping randomly (stuck).
  3100 | D:3      | 3100 ||| Stepping randomly (stuck).
  3101 | D:3      | 3101 ||| Stepping randomly (stuck).
  3102 | D:3      | 3102 ||| Stepping randomly (stuck).
  3103 | D:3      | 3103 ||| Stepping randomly (stuck).
  3104 | D:3      | 3104 ||| Stepping randomly (stuck).
  3105 | D:3      | 3105 ||| Stepping randomly (stuck).
  3106 | D:3      | 3106 ||| Stepping randomly (stuck).
  3107 | D:3      | 3107 ||| Stepping randomly (stuck).
  3108 | D:3      | 3108 ||| Stepping randomly (stuck).
  3109 | D:3      | 3109 ||| Stepping randomly (stuck).
  3110 | D:3      | 3110 ||| Stepping randomly (stuck).
  3111 | D:3      | 3111 ||| Stepping randomly (stuck).
  3112 | D:3      | 3112 ||| Stepping randomly (stuck).
  3113 | D:3      | 3113 ||| Stepping randomly (stuck).
  3114 | D:3      | 3114 ||| Stepping randomly (stuck).
  3115 | D:3      | 3115 ||| Stepping randomly (stuck).
  3116 | D:3      | 3116 ||| Stepping randomly (stuck).
  3117 | D:3      | 3117 ||| Stepping randomly (stuck).
  3118 | D:3      | 3118 ||| Stepping randomly (stuck).
  3119 | D:3      | 3119 ||| Stepping randomly (stuck).
  3120 | D:3      | 3120 ||| Stepping randomly (stuck).
  3121 | D:3      | 3121 ||| Stepping randomly (stuck).
  3122 | D:3      | 3122 ||| Stepping randomly (stuck).
  3123 | D:3      | 3123 ||| Stepping randomly (stuck).
  3124 | D:3      | 3124 ||| Stepping randomly (stuck).
  3125 | D:3      | 3125 ||| Stepping randomly (stuck).
  3126 | D:3      | 3126 ||| Stepping randomly (stuck).
  3127 | D:3      | 3127 ||| Stepping randomly (stuck).
  3128 | D:3      | 3128 ||| Stepping randomly (stuck).
  3129 | D:3      | 3129 ||| Stepping randomly (stuck).
  3130 | D:3      | 3130 ||| Stepping randomly (stuck).
  3131 | D:3      | 3131 ||| Stepping randomly (stuck).
  3132 | D:3      | 3132 ||| Stepping randomly (stuck).
  3133 | D:3      | 3133 ||| Stepping randomly (stuck).
  3134 | D:3      | 3134 ||| Stepping randomly (stuck).
  3135 | D:3      | 3135 ||| Stepping randomly (stuck).
  3136 | D:3      | 3136 ||| Stepping randomly (stuck).
  3137 | D:3      | 3137 ||| Stepping randomly (stuck).
  3138 | D:3      | 3138 ||| Stepping randomly (stuck).
  3139 | D:3      | 3139 ||| Stepping randomly (stuck).
  3140 | D:3      | 3140 ||| Stepping randomly (stuck).
  3141 | D:3      | 3141 ||| Stepping randomly (stuck).
  3142 | D:3      | 3142 ||| Stepping randomly (stuck).
  3143 | D:3      | 3143 ||| Stepping randomly (stuck).
  3144 | D:3      | 3144 ||| Stepping randomly (stuck).
  3145 | D:3      | 3145 ||| Stepping randomly (stuck).
  3146 | D:3      | 3146 ||| Stepping randomly (stuck).
  3147 | D:3      | 3147 ||| Stepping randomly (stuck).
  3148 | D:3      | 3148 ||| Stepping randomly (stuck).
  3149 | D:3      | 3149 ||| Stepping randomly (stuck).
  3150 | D:3      | 3150 ||| Stepping randomly (stuck).
  3151 | D:3      | 3151 ||| Stepping randomly (stuck).
  3152 | D:3      | 3152 ||| Stepping randomly (stuck).
  3153 | D:3      | 3153 ||| Stepping randomly (stuck).
  3154 | D:3      | 3154 ||| Stepping randomly (stuck).
  3155 | D:3      | 3155 ||| Stepping randomly (stuck).
  3156 | D:3      | 3156 ||| Stepping randomly (stuck).
  3157 | D:3      | 3157 ||| Stepping randomly (stuck).
  3158 | D:3      | 3158 ||| Stepping randomly (stuck).
  3159 | D:3      | 3159 ||| Stepping randomly (stuck).
  3160 | D:3      | 3160 ||| Stepping randomly (stuck).
  3161 | D:3      | 3161 ||| Stepping randomly (stuck).
  3162 | D:3      | 3162 ||| Stepping randomly (stuck).
  3163 | D:3      | 3163 ||| Stepping randomly (stuck).
  3164 | D:3      | 3164 ||| Stepping randomly (stuck).
  3165 | D:3      | 3165 ||| Stepping randomly (stuck).
  3166 | D:3      | 3166 ||| Stepping randomly (stuck).
  3167 | D:3      | 3167 ||| Stepping randomly (stuck).
  3168 | D:3      | 3168 ||| Stepping randomly (stuck).
  3169 | D:3      | 3169 ||| Stepping randomly (stuck).
  3170 | D:3      | 3170 ||| Stepping randomly (stuck).
  3171 | D:3      | 3171 ||| Stepping randomly (stuck).
  3172 | D:3      | 3172 ||| Stepping randomly (stuck).
  3173 | D:3      | 3173 ||| Stepping randomly (stuck).
  3174 | D:3      | 3174 ||| Stepping randomly (stuck).
  3175 | D:3      | 3175 ||| Stepping randomly (stuck).
  3176 | D:3      | 3176 ||| Stepping randomly (stuck).
  3177 | D:3      | 3177 ||| Stepping randomly (stuck).
  3178 | D:3      | 3178 ||| Stepping randomly (stuck).
  3179 | D:3      | 3179 ||| Stepping randomly (stuck).
  3180 | D:3      | 3180 ||| Stepping randomly (stuck).
  3181 | D:3      | 3181 ||| Stepping randomly (stuck).
  3182 | D:3      | 3182 ||| Stepping randomly (stuck).
  3183 | D:3      | 3183 ||| Stepping randomly (stuck).
  3184 | D:3      | 3184 ||| Stepping randomly (stuck).
  3185 | D:3      | 3185 ||| Stepping randomly (stuck).
  3186 | D:3      | 3186 ||| Stepping randomly (stuck).
  3187 | D:3      | 3187 ||| Stepping randomly (stuck).
  3188 | D:3      | 3188 ||| Stepping randomly (stuck).
  3189 | D:3      | 3189 ||| Stepping randomly (stuck).
  3190 | D:3      | 3190 ||| Stepping randomly (stuck).
  3191 | D:3      | 3191 ||| Stepping randomly (stuck).
  3192 | D:3      | 3192 ||| Stepping randomly (stuck).
  3193 | D:3      | 3193 ||| Stepping randomly (stuck).
  3194 | D:3      | 3194 ||| Stepping randomly (stuck).
  3195 | D:3      | 3195 ||| Stepping randomly (stuck).
  3196 | D:3      | 3196 ||| Stepping randomly (stuck).
  3197 | D:3      | 3197 ||| Stepping randomly (stuck).
  3198 | D:3      | 3198 ||| Stepping randomly (stuck).
  3199 | D:3      | 3199 ||| Stepping randomly (stuck).
  3200 | D:3      | 3200 ||| Stepping randomly (stuck).
  3201 | D:3      | 3201 ||| Stepping randomly (stuck).
  3202 | D:3      | 3202 ||| Stepping randomly (stuck).
  3203 | D:3      | 3203 ||| Stepping randomly (stuck).
  3204 | D:3      | 3204 ||| Stepping randomly (stuck).
  3205 | D:3      | 3205 ||| Stepping randomly (stuck).
  3206 | D:3      | 3206 ||| Stepping randomly (stuck).
  3207 | D:3      | 3207 ||| Stepping randomly (stuck).
  3208 | D:3      | 3208 ||| Stepping randomly (stuck).
  3209 | D:3      | 3209 ||| Stepping randomly (stuck).
  3210 | D:3      | 3210 ||| Stepping randomly (stuck).
  3211 | D:3      | 3211 ||| Stepping randomly (stuck).
  3212 | D:3      | 3212 ||| Stepping randomly (stuck).
  3213 | D:3      | 3213 ||| Stepping randomly (stuck).
  3214 | D:3      | 3214 ||| Stepping randomly (stuck).
  3215 | D:3      | 3215 ||| Stepping randomly (stuck).
  3216 | D:3      | 3216 ||| Stepping randomly (stuck).
  3217 | D:3      | 3217 ||| Stepping randomly (stuck).
  3218 | D:3      | 3218 ||| Stepping randomly (stuck).
  3219 | D:3      | 3219 ||| Stepping randomly (stuck).
  3220 | D:3      | 3220 ||| Stepping randomly (stuck).
  3221 | D:3      | 3221 ||| Stepping randomly (stuck).
  3222 | D:3      | 3222 ||| Stepping randomly (stuck).
  3223 | D:3      | 3223 ||| Stepping randomly (stuck).
  3224 | D:3      | 3224 ||| Stepping randomly (stuck).
  3225 | D:3      | 3225 ||| Stepping randomly (stuck).
  3226 | D:3      | 3226 ||| Stepping randomly (stuck).
  3227 | D:3      | 3227 ||| Stepping randomly (stuck).
  3228 | D:3      | 3228 ||| Stepping randomly (stuck).
  3229 | D:3      | 3229 ||| Stepping randomly (stuck).
  3230 | D:3      | 3230 ||| Stepping randomly (stuck).
  3231 | D:3      | 3231 ||| Stepping randomly (stuck).
  3232 | D:3      | 3232 ||| Stepping randomly (stuck).
  3233 | D:3      | 3233 ||| Stepping randomly (stuck).
  3234 | D:3      | 3234 ||| Stepping randomly (stuck).
  3235 | D:3      | 3235 ||| Stepping randomly (stuck).
  3236 | D:3      | 3236 ||| Stepping randomly (stuck).
  3237 | D:3      | 3237 ||| Stepping randomly (stuck).
  3238 | D:3      | 3238 ||| Stepping randomly (stuck).
  3239 | D:3      | 3239 ||| Stepping randomly (stuck).
  3240 | D:3      | 3240 ||| Stepping randomly (stuck).
  3241 | D:3      | 3241 ||| Stepping randomly (stuck).
  3242 | D:3      | 3242 ||| Stepping randomly (stuck).
  3243 | D:3      | 3243 ||| Stepping randomly (stuck).
  3244 | D:3      | 3244 ||| Stepping randomly (stuck).
  3245 | D:3      | 3245 ||| Stepping randomly (stuck).
  3246 | D:3      | 3246 ||| Stepping randomly (stuck).
  3247 | D:3      | 3247 ||| Stepping randomly (stuck).
  3248 | D:3      | 3248 ||| Stepping randomly (stuck).
  3249 | D:3      | 3249 ||| Stepping randomly (stuck).
  3250 | D:3      | 3250 ||| Stepping randomly (stuck).
  3251 | D:3      | 3251 ||| Stepping randomly (stuck).
  3252 | D:3      | 3252 ||| Stepping randomly (stuck).
  3253 | D:3      | 3253 ||| Stepping randomly (stuck).
  3254 | D:3      | 3254 ||| Stepping randomly (stuck).
  3255 | D:3      | 3255 ||| Stepping randomly (stuck).
  3256 | D:3      | 3256 ||| Stepping randomly (stuck).
  3257 | D:3      | 3257 ||| Stepping randomly (stuck).
  3258 | D:3      | 3258 ||| Stepping randomly (stuck).
  3259 | D:3      | 3259 ||| Stepping randomly (stuck).
  3260 | D:3      | 3260 ||| Stepping randomly (stuck).
  3261 | D:3      | 3261 ||| Stepping randomly (stuck).
  3262 | D:3      | 3262 ||| Stepping randomly (stuck).
  3263 | D:3      | 3263 ||| Stepping randomly (stuck).
  3264 | D:3      | 3264 ||| Stepping randomly (stuck).
  3265 | D:3      | 3265 ||| Stepping randomly (stuck).
  3266 | D:3      | 3266 ||| Stepping randomly (stuck).
  3267 | D:3      | 3267 ||| Stepping randomly (stuck).
  3268 | D:3      | 3268 ||| Stepping randomly (stuck).
  3269 | D:3      | 3269 ||| Stepping randomly (stuck).
  3270 | D:3      | 3270 ||| Stepping randomly (stuck).
  3271 | D:3      | 3271 ||| Stepping randomly (stuck).
  3272 | D:3      | 3272 ||| Stepping randomly (stuck).
  3273 | D:3      | 3273 ||| Stepping randomly (stuck).
  3274 | D:3      | 3274 ||| Stepping randomly (stuck).
  3275 | D:3      | 3275 ||| Stepping randomly (stuck).
  3276 | D:3      | 3276 ||| Stepping randomly (stuck).
  3277 | D:3      | 3277 ||| Stepping randomly (stuck).
  3278 | D:3      | 3278 ||| Stepping randomly (stuck).
  3279 | D:3      | 3279 ||| Stepping randomly (stuck).
  3280 | D:3      | 3280 ||| Stepping randomly (stuck).
  3281 | D:3      | 3281 ||| Stepping randomly (stuck).
  3282 | D:3      | 3282 ||| Stepping randomly (stuck).
  3283 | D:3      | 3283 ||| Stepping randomly (stuck).
  3284 | D:3      | 3284 ||| Stepping randomly (stuck).
  3285 | D:3      | 3285 ||| Stepping randomly (stuck).
  3286 | D:3      | 3286 ||| Stepping randomly (stuck).
  3287 | D:3      | 3287 ||| Stepping randomly (stuck).
  3288 | D:3      | 3288 ||| Stepping randomly (stuck).
  3289 | D:3      | 3289 ||| Stepping randomly (stuck).
  3290 | D:3      | 3290 ||| Stepping randomly (stuck).
  3291 | D:3      | 3291 ||| Stepping randomly (stuck).
  3292 | D:3      | 3292 ||| Stepping randomly (stuck).
  3293 | D:3      | 3293 ||| Stepping randomly (stuck).
  3294 | D:3      | 3294 ||| Stepping randomly (stuck).
  3295 | D:3      | 3295 ||| Stepping randomly (stuck).
  3296 | D:3      | 3296 ||| Stepping randomly (stuck).
  3297 | D:3      | 3297 ||| Stepping randomly (stuck).
  3298 | D:3      | 3298 ||| Stepping randomly (stuck).
  3299 | D:3      | 3299 ||| Stepping randomly (stuck).
  3300 | D:3      | 3300 ||| Stepping randomly (stuck).
  3301 | D:3      | 3301 ||| Stepping randomly (stuck).
  3302 | D:3      | 3302 ||| Stepping randomly (stuck).
  3303 | D:3      | 3303 ||| Stepping randomly (stuck).
  3304 | D:3      | 3304 ||| Stepping randomly (stuck).
  3305 | D:3      | 3305 ||| Stepping randomly (stuck).
  3306 | D:3      | 3306 ||| Stepping randomly (stuck).
  3307 | D:3      | 3307 ||| Stepping randomly (stuck).
  3308 | D:3      | 3308 ||| Stepping randomly (stuck).
  3309 | D:3      | 3309 ||| Stepping randomly (stuck).
  3310 | D:3      | 3310 ||| Stepping randomly (stuck).
  3311 | D:3      | 3311 ||| Stepping randomly (stuck).
  3312 | D:3      | 3312 ||| Stepping randomly (stuck).
  3313 | D:3      | 3313 ||| Stepping randomly (stuck).
  3314 | D:3      | 3314 ||| Stepping randomly (stuck).
  3315 | D:3      | 3315 ||| Stepping randomly (stuck).
  3316 | D:3      | 3316 ||| Stepping randomly (stuck).
  3317 | D:3      | 3317 ||| Stepping randomly (stuck).
  3318 | D:3      | 3318 ||| Stepping randomly (stuck).
  3319 | D:3      | 3319 ||| Stepping randomly (stuck).
  3320 | D:3      | 3320 ||| Stepping randomly (stuck).
  3321 | D:3      | 3321 ||| Stepping randomly (stuck).
  3322 | D:3      | 3322 ||| Stepping randomly (stuck).
  3323 | D:3      | 3323 ||| Stepping randomly (stuck).
  3324 | D:3      | 3324 ||| Stepping randomly (stuck).
  3325 | D:3      | 3325 ||| Stepping randomly (stuck).
  3326 | D:3      | 3326 ||| Stepping randomly (stuck).
  3327 | D:3      | 3327 ||| Stepping randomly (stuck).
  3328 | D:3      | 3328 ||| Stepping randomly (stuck).
  3329 | D:3      | 3329 ||| Stepping randomly (stuck).
  3330 | D:3      | 3330 ||| Stepping randomly (stuck).
  3331 | D:3      | 3331 ||| Stepping randomly (stuck).
  3332 | D:3      | 3332 ||| Stepping randomly (stuck).
  3333 | D:3      | 3333 ||| Stepping randomly (stuck).
  3334 | D:3      | 3334 ||| Stepping randomly (stuck).
  3335 | D:3      | 3335 ||| Stepping randomly (stuck).
  3336 | D:3      | 3336 ||| Stepping randomly (stuck).
  3337 | D:3      | 3337 ||| Stepping randomly (stuck).
  3338 | D:3      | 3338 ||| Stepping randomly (stuck).
  3339 | D:3      | 3339 ||| Stepping randomly (stuck).
  3340 | D:3      | 3340 ||| Stepping randomly (stuck).
  3341 | D:3      | 3341 ||| Stepping randomly (stuck).
  3342 | D:3      | 3342 ||| Stepping randomly (stuck).
  3343 | D:3      | 3343 ||| Stepping randomly (stuck).
  3344 | D:3      | 3344 ||| Stepping randomly (stuck).
  3345 | D:3      | 3345 ||| Stepping randomly (stuck).
  3346 | D:3      | 3346 ||| Stepping randomly (stuck).
  3347 | D:3      | 3347 ||| Stepping randomly (stuck).
  3348 | D:3      | 3348 ||| Stepping randomly (stuck).
  3349 | D:3      | 3349 ||| Stepping randomly (stuck).
  3350 | D:3      | 3350 ||| Stepping randomly (stuck).
  3351 | D:3      | 3351 ||| Stepping randomly (stuck).
  3352 | D:3      | 3352 ||| Stepping randomly (stuck).
  3353 | D:3      | 3353 ||| Stepping randomly (stuck).
  3354 | D:3      | 3354 ||| Stepping randomly (stuck).
  3355 | D:3      | 3355 ||| Stepping randomly (stuck).
  3356 | D:3      | 3356 ||| Stepping randomly (stuck).
  3357 | D:3      | 3357 ||| Stepping randomly (stuck).
  3358 | D:3      | 3358 ||| Stepping randomly (stuck).
  3359 | D:3      | 3359 ||| Stepping randomly (stuck).
  3360 | D:3      | 3360 ||| Stepping randomly (stuck).
  3361 | D:3      | 3361 ||| Stepping randomly (stuck).
  3362 | D:3      | 3362 ||| Stepping randomly (stuck).
  3363 | D:3      | 3363 ||| Stepping randomly (stuck).
  3364 | D:3      | 3364 ||| Stepping randomly (stuck).
  3365 | D:3      | 3365 ||| Stepping randomly (stuck).
  3366 | D:3      | 3366 ||| Stepping randomly (stuck).
  3367 | D:3      | 3367 ||| Stepping randomly (stuck).
  3368 | D:3      | 3368 ||| Stepping randomly (stuck).
  3369 | D:3      | 3369 ||| Stepping randomly (stuck).
  3370 | D:3      | 3370 ||| Stepping randomly (stuck).
  3371 | D:3      | 3371 ||| Stepping randomly (stuck).
  3372 | D:3      | 3372 ||| Stepping randomly (stuck).
  3373 | D:3      | 3373 ||| Stepping randomly (stuck).
  3374 | D:3      | 3374 ||| Stepping randomly (stuck).
  3375 | D:3      | 3375 ||| Stepping randomly (stuck).
  3376 | D:3      | 3376 ||| Stepping randomly (stuck).
  3377 | D:3      | 3377 ||| Stepping randomly (stuck).
  3378 | D:3      | 3378 ||| Stepping randomly (stuck).
  3379 | D:3      | 3379 ||| Stepping randomly (stuck).
  3380 | D:3      | 3380 ||| Stepping randomly (stuck).
  3381 | D:3      | 3381 ||| Stepping randomly (stuck).
  3382 | D:3      | 3382 ||| Stepping randomly (stuck).
  3383 | D:3      | 3383 ||| Stepping randomly (stuck).
  3384 | D:3      | 3384 ||| Stepping randomly (stuck).
  3385 | D:3      | 3385 ||| Stepping randomly (stuck).
  3386 | D:3      | 3386 ||| Stepping randomly (stuck).
  3387 | D:3      | 3387 ||| Stepping randomly (stuck).
  3388 | D:3      | 3388 ||| Stepping randomly (stuck).
  3389 | D:3      | 3389 ||| Stepping randomly (stuck).
  3390 | D:3      | 3390 ||| Stepping randomly (stuck).
  3391 | D:3      | 3391 ||| Stepping randomly (stuck).
  3392 | D:3      | 3392 ||| Stepping randomly (stuck).
  3393 | D:3      | 3393 ||| Stepping randomly (stuck).
  3394 | D:3      | 3394 ||| Stepping randomly (stuck).
  3395 | D:3      | 3395 ||| Stepping randomly (stuck).
  3396 | D:3      | 3396 ||| Stepping randomly (stuck).
  3397 | D:3      | 3397 ||| Stepping randomly (stuck).
  3398 | D:3      | 3398 ||| Stepping randomly (stuck).
  3399 | D:3      | 3399 ||| Stepping randomly (stuck).
  3400 | D:3      | 3400 ||| Stepping randomly (stuck).
  3401 | D:3      | 3401 ||| Stepping randomly (stuck).
  3402 | D:3      | 3402 ||| Stepping randomly (stuck).
  3403 | D:3      | 3403 ||| Stepping randomly (stuck).
  3404 | D:3      | 3404 ||| Stepping randomly (stuck).
  3405 | D:3      | 3405 ||| Stepping randomly (stuck).
  3406 | D:3      | 3406 ||| Stepping randomly (stuck).
  3407 | D:3      | 3407 ||| Stepping randomly (stuck).
  3408 | D:3      | 3408 ||| Stepping randomly (stuck).
  3409 | D:3      | 3409 ||| Stepping randomly (stuck).
  3410 | D:3      | 3410 ||| Stepping randomly (stuck).
  3411 | D:3      | 3411 ||| Stepping randomly (stuck).
  3412 | D:3      | 3412 ||| Stepping randomly (stuck).
  3413 | D:3      | 3413 ||| Stepping randomly (stuck).
  3414 | D:3      | 3414 ||| Stepping randomly (stuck).
  3415 | D:3      | 3415 ||| Stepping randomly (stuck).
  3416 | D:3      | 3416 ||| Stepping randomly (stuck).
  3417 | D:3      | 3417 ||| Stepping randomly (stuck).
  3418 | D:3      | 3418 ||| Stepping randomly (stuck).
  3419 | D:3      | 3419 ||| Stepping randomly (stuck).
  3420 | D:3      | 3420 ||| Stepping randomly (stuck).
  3421 | D:3      | 3421 ||| Stepping randomly (stuck).
  3422 | D:3      | 3422 ||| Stepping randomly (stuck).
  3423 | D:3      | 3423 ||| Stepping randomly (stuck).
  3424 | D:3      | 3424 ||| Stepping randomly (stuck).
  3425 | D:3      | 3425 ||| Stepping randomly (stuck).
  3426 | D:3      | 3426 ||| Stepping randomly (stuck).
  3427 | D:3      | 3427 ||| Stepping randomly (stuck).
  3428 | D:3      | 3428 ||| Stepping randomly (stuck).
  3429 | D:3      | 3429 ||| Stepping randomly (stuck).
  3430 | D:3      | 3430 ||| Stepping randomly (stuck).
  3431 | D:3      | 3431 ||| Stepping randomly (stuck).
  3432 | D:3      | 3432 ||| Stepping randomly (stuck).
  3433 | D:3      | 3433 ||| Stepping randomly (stuck).
  3434 | D:3      | 3434 ||| Stepping randomly (stuck).
  3435 | D:3      | 3435 ||| Stepping randomly (stuck).
  3436 | D:3      | 3436 ||| Stepping randomly (stuck).
  3437 | D:3      | 3437 ||| Stepping randomly (stuck).
  3438 | D:3      | 3438 ||| Stepping randomly (stuck).
  3439 | D:3      | 3439 ||| Stepping randomly (stuck).
  3440 | D:3      | 3440 ||| Stepping randomly (stuck).
  3441 | D:3      | 3441 ||| Stepping randomly (stuck).
  3442 | D:3      | 3442 ||| Stepping randomly (stuck).
  3443 | D:3      | 3443 ||| Stepping randomly (stuck).
  3444 | D:3      | 3444 ||| Stepping randomly (stuck).
  3445 | D:3      | 3445 ||| Stepping randomly (stuck).
  3446 | D:3      | 3446 ||| Stepping randomly (stuck).
  3447 | D:3      | 3447 ||| Stepping randomly (stuck).
  3448 | D:3      | 3448 ||| Stepping randomly (stuck).
  3449 | D:3      | 3449 ||| Stepping randomly (stuck).
  3450 | D:3      | 3450 ||| Stepping randomly (stuck).
  3451 | D:3      | 3451 ||| Stepping randomly (stuck).
  3452 | D:3      | 3452 ||| Stepping randomly (stuck).
  3453 | D:3      | 3453 ||| Stepping randomly (stuck).
  3454 | D:3      | 3454 ||| Stepping randomly (stuck).
  3455 | D:3      | 3455 ||| Stepping randomly (stuck).
  3456 | D:3      | 3456 ||| Stepping randomly (stuck).
  3457 | D:3      | 3457 ||| Stepping randomly (stuck).
  3458 | D:3      | 3458 ||| Stepping randomly (stuck).
  3459 | D:3      | 3459 ||| Stepping randomly (stuck).
  3460 | D:3      | 3460 ||| Stepping randomly (stuck).
  3461 | D:3      | 3461 ||| Stepping randomly (stuck).
  3462 | D:3      | 3462 ||| Stepping randomly (stuck).
  3463 | D:3      | 3463 ||| Stepping randomly (stuck).
  3464 | D:3      | 3464 ||| Stepping randomly (stuck).
  3465 | D:3      | 3465 ||| Stepping randomly (stuck).
  3466 | D:3      | 3466 ||| Stepping randomly (stuck).
  3467 | D:3      | Quit the game

Levels and vault maps discovered:
D:1:      scummos_arrival_forest, layout_rooms, ebering_ecumenical_altar_ruins
D:2:      layout_loops_ring, uniq_robin
D:3:      layout_rooms, general_overflow_altar, uniq_sigmund,
          uniq_crazy_yiuf_cottage, uniq_ijyb, uniq_grinder

Skill      XL: |  1  2  3  4  5  6 |
---------------+-------------------+-----
Axes           | 2 3 5 6 |  6.1
Throwing       | 1 |  1.0
Fighting       | 4 |  4.0
Armour         | 4 |  4.9
Shields        | |  3.2

Action                   |  1- 3 |  4- 6 |  7- 9 || total
-------------------------+-------+-------+-------++-------
Melee: War axe           |    88 |    85 |    12 ||   185
Throw: Javelin           |    11 |    17 |       ||    28
  Use: Scroll            |     7 |     5 |     2 ||    14
       Potion            |       |     1 |       ||     1
Armor: Scale mail        |    33 |       |       ||    33
       Plate armour      |    38 |    42 |    12 ||    92
       Skin              |       |    14 |       ||    14
Dodge: Dodged            |    38 |    19 |       ||    57
Block: Buckler           |    11 |    13 |     1 ||    25

Table legend:
 A = Non-vault XP
 B = Vault XP
 C = Vault XP percentage of total XP
 D = Non-vault monster count
 E = Vault monster count
 F = Vault count percentage of total count
                 A         B        C        D         E       F
            +---------+---------+-------+---------+---------+-------
      Total |     256 |     572 |  69.1 |      55 |      14 |  20.3
            +---------+---------+-------+---------+---------+-------
        D:1 |      28 |      18 |  39.1 |      18 |      10 |  35.7
        D:2 |      59 |      15 |  20.3 |      20 |       1 |   4.8
        D:3 |     169 |     539 |  76.1 |      17 |       3 |  15.0
            +---------+---------+-------+---------+---------+-------
